 Dungeon Crawl Stone Soup version 0.24.0-10-g970556be89 (webtiles) character file.

Game seed: 7192811469247183587, levelgen mode: deterministic

43 Lanoc the Chopper (level 3, -5/25 HPs)
             Began as an Octopode Gladiator on Nov 3, 2019.
             Killed from afar by Robin (13 damage)
             ... with a puff of flame
             ... on level 2 of the Dungeon.
             The game lasted 00:01:27 (977 turns).

Lanoc the Chopper (Octopode Gladiator)               Turns: 977, Time: 00:01:27

Health: -5/25      AC:  1    Str: 13    XL:     3   Next: 58%
Magic:  3/3        EV: 14    Int: 10    God:
Gold:   56         SH:  0    Dex: 14    Spells: 2/2 levels left

rFire    . . .     SeeInvis .   a - +0 war axe
rCold    . . .     Gourm    .   (no shield)
rNeg     . . .     Faith    .   b - +0 hat
rPois    .         Spirit   .   (no amulet)
rElec    .         Reflect  .   (no ring)
rCorr    .         Harm     .   (no ring)
MR       .....                  (no ring)
Stlth    ++........             (no ring)
HPRegen  0.08/turn              (no ring)
MPRegen  0.08/turn              (no ring)
                                (no ring)
                                (no ring)

@: flying
A: almost no armour, stealthy swim, amphibious, 8 rings, constrict 8, camouflage
1, gelatinous body 1
a: no special abilities


You were on level 2 of the Dungeon.
You were not hungry.

You visited 1 branch of the dungeon, and saw 2 of its levels.

You collected 56 gold pieces.

Inventory:

Hand Weapons
 a - a +0 war axe (weapon)
Missiles
 c - 3 throwing nets (quivered)
Armour
 b - a +0 hat (worn)
Scrolls
 e - a scroll of noise {unknown}
 f - a scroll of blinking {unknown}
 h - a scroll of fog {unknown}
 j - 2 scrolls of identify {unknown}
Comestibles
 d - 3 rations


   Skills:
 + Level 2.5 Fighting
 * Level 3.8 Axes
 - Level 2.0 Throwing
 + Level 3.4 Dodging


You had 2 spell levels left.
You didn't know any spells.
Your spell library was empty.

Dungeon Overview and Level Annotations

Branches:
Dungeon (2/15)

Altars:
Ashenzari

Annotations:
D:2 Robin


Innate Abilities, Weirdness & Mutations

You cannot wear most types of armour.
You are very stealthy in the water. (Stealth+)
You are amphibious.
You can wear up to eight rings at the same time.
You can use your tentacles to constrict eight enemies at once.
Your skin changes colour to match your surroundings (Stealth+).
Your rubbery body absorbs attacks. (AC +1, EV +1)


Message History

You kill the goblin!
Robin misses you.
You slash the rat!
You kill the rat!
Robin hits you from afar with a +0 trident.
Robin zaps a wand.
The puff of flame misses you.
Items here: )))))) ††† You hit Robin.
Your grab misses Robin. Your squeeze misses Robin.
Robin is lightly wounded.
Robin zaps a wand.
The puff of flame misses you.
You closely miss Robin. Your grab misses Robin. Your squeeze misses Robin.
Robin is lightly wounded.
Robin closely misses you.
Robin says, "My goblins will feast on your bones."
Robin closely misses you.
You barely miss Robin. Your grab misses Robin.
Robin is lightly wounded.
Robin zaps a wand.
The puff of flame hits you!
Ouch! That really hurt!
You die...

#.............##..... .##
#......#.....## #..g ..
..#.#####.#### #.g#..
##..# #.#### #..#g ....#
#....# ##g..
.##.########.####.g.#
........>..#........#
...........#..####..#
..............).@g..#
...........######...###..
...†.......# ##....?...
#..........# #...[###%.
##.##...#### ###.#.......
#.##.....####.._....#...
#.....>.......#.#.......
#<##.##............##...
#.##.##.....#...........


You could see Robin.

Vanquished Creatures
  A worm (D:2)
  4 leopard geckos (D:2)
  A bat (D:2)
  2 giant cockroaches (D:2)
  12 goblins
  4 hobgoblins (D:2)
  A kobold (D:1)
  2 quokkas (D:2)
  A frilled lizard (D:2)
  2 rats (D:2)
30 creatures vanquished.

Notes
Turn   | Place    | Note
-------+----------+-------------------------------------------
     0 | D:1      | Lanoc the Octopode Gladiator began the quest for the Orb.
     0 | D:1      | Reached XP level 1. HP: 14/14 MP: 1/1
    48 | D:2      | Reached XP level 2. HP: 6/19 MP: 2/2
   867 | D:2      | Reached XP level 3. HP: 16/25 MP: 3/3
   933 | D:2      | Found a shattered altar of Ashenzari.
   947 | D:2      | Noticed Robin
   977 | D:2      | Killed from afar by Robin

Levels and vault maps discovered:
D:1:      lightli_arrival_isolated_outpost, layout_basic
D:2:      cheibrodos_old_hovel, layout_rooms,
          chequers_temple_overflow_statue_of_worship, ashenzari_altar_1,
          uniq_robin

Action                   || total
-------------------------++-------
Melee: War axe           ||    58
       Constrict         ||    16
       Tentacles         ||    16
  Use: Potion            ||     3
Armor: Skin              ||     3
Dodge: Dodged            ||    41
